 Dungeon Crawl Stone Soup version 0.30-a0-341-g682706514a (console) character file.

Game seed: 10042963989551652398

137177 jejorda2 the Phalangite (level 17, -12/139 HPs)
             Began as a Merfolk Berserker on Nov 2, 2022.
             Was a High Priest of Trog.
             Mangled by a redback (21 damage)
             ... on level 2 of the Lair of Beasts.
             The game lasted 01:36:21 (24503 turns).

jejorda2 the Phalangite (Merfolk Berserker)        Turns: 24503, Time: 01:36:21

Health: -12/139    AC: 28    Str: 26    XL:     17   Next: 23%
Magic:  4/17       EV: 18    Int:  7    God:    Trog [*****.]
Gold:   994        SH:  0    Dex: 17    Spells: 16/16 levels left

rFire   . . .      SeeInvis .    a - +9 bardiche (flame)
rCold   + . .      Faith    .    (shield currently unavailable)
rNeg    . . .      Spirit   .    E - +4 plate armour "Qobullaj" {rElec Regen+ Dex+3 Slay+2 Stlth-}
rPois   +          Reflect  .    m - +2 helmet
rElec   +          Harm     .    I - +1 cloak of Starlight {*Dazzle EV+4 Stlth--}
rCorr   .          Rampage  .    i - +1 pair of gloves of Uweps {+Blink}
Will    +....                    h - +0 pair of boots
Stlth   ..........               k - amulet "Qisivvat" {RegenMP Regen+ Slay+2}
HPRegen 2.03/turn                P - ring of Zuir {rC+ EV+4 Str+2 Slay+2}
MPRegen 0.55/turn                y - ring of poison resistance

@: on berserk cooldown, slowed, very slow
A: (nimble swimmer 2), mertail
a: Renounce Religion, Evoke Blink, Berserk, Trog's Hand, Brothers in Arms


You were on level 2 of the Lair of Beasts.
You worshipped Trog.
Trog was extremely pleased with you.
You visited 4 branches of the dungeon, and saw 23 of its levels.
You visited the Abyss 1 time.
You also visited: Sewer, Ossuary, Gauntlet and Ice Cave.

You collected 2603 gold pieces.
You spent 1609 gold pieces at shops.

Inventory:

Hand Weapons
 a - a +9 bardiche of flaming (weapon)
 b - the +12 demon trident "Wisoaqec" {antimagic, rElec Will++}
   (Trog gifted it to you in an ice cave)

   It reduces the magical energy of the wielder, and disrupts the spells and
   magical abilities of those it strikes.
   Natural abilities and divine invocations are not affected.
   rElec:     It insulates you from electricity.
   Will:      It greatly increases your willpower.
Missiles
 j - 24 boomerangs (quivered)
 n - 18 throwing nets
 p - 14 javelins
 B - 36 poisoned darts
 G - 3 datura-tipped darts
 H - 2 atropa-tipped darts
 L - 8 curare-tipped darts
Armour
 h - a +0 pair of boots (worn)
 i - the +1 pair of gloves of Uweps (worn) {+Blink}
   (You found it on level 11 of the Dungeon)

   +Blink:    It lets you blink.
 m - a +2 helmet (worn)
 E - the +4 plate armour "Qobullaj" (worn) {rElec Regen+ Dex+3 Slay+2 Stlth-}
   (You found it on level 5 of the Lair of Beasts)

   Dex:       It affects your dexterity (+3).
   Slay:      It affects your accuracy & damage with ranged weapons and melee
   (+2).
   rElec:     It insulates you from electricity.
   Regen:     It increases your rate of health regeneration.
   Stlth:     It makes you less stealthy.
 I - the +1 cloak of Starlight (worn) {*Dazzle EV+4 Stlth--}
   (You found it on level 10 of the Dungeon)

   It may blind those who miss an attack against the wearer in melee combat.
   EV:        It affects your evasion (+4).
   Stlth:     It makes you much less stealthy.
Jewellery
 e - a ring of ice
 f - a ring of flight
 k - the amulet "Qisivvat" (around neck) {RegenMP Regen+ Slay+2}
   (You found it in a Gauntlet)

   [amulet of magic regeneration]

   It increases your rate of magic regeneration.
   Slay:      It affects your accuracy & damage with ranged weapons and melee
   (+2).
   Regen:     It increases your rate of health regeneration.
 y - a ring of poison resistance (right hand)
 N - a ring of willpower
 P - the ring of Zuir (left hand) {rC+ EV+4 Str+2 Slay+2}
   (You bought it in a shop on level 8 of the Dungeon)

   [ring of evasion]

   EV:        It affects your evasion (+4).
   Str:       It affects your strength (+2).
   Slay:      It affects your accuracy & damage with ranged weapons and melee
   (+2).
   rC:        It protects you from cold.
 R - a ring of protection from fire
Wands
 l - a wand of polymorph (2)
 o - a wand of iceblast (10)
 q - a wand of paralysis (3)
 t - a wand of flame (60)
 M - a wand of digging (2)
 O - a wand of mindburst (7)
 U - a wand of acid (14)
Scrolls
 g - 6 scrolls of butterflies
 r - 11 scrolls of teleportation
 w - a scroll of fear
 J - a scroll of blinking
 S - 2 scrolls of poison
Potions
 d - 4 potions of curing
 s - 6 potions of flight
 u - 5 potions of mutation
 v - 5 potions of attraction
 x - 4 potions of cancellation
 z - a potion of heal wounds
 A - 4 potions of ambrosia
 C - 2 potions of invisibility
 D - 4 potions of might
 K - 2 potions of haste
Miscellaneous
 c - a phial of floods
 T - a condenser vane (inert)


   Skills:
 - Level 14.0 Fighting
 - Level 24.0 Polearms
 * Level 13.8 Throwing
 + Level 9.9 Armour
 - Level 6.0 Dodging
 - Level 3.0 Stealth
 - Level 6.8 Evocations


You had 16 spell levels left.
You didn't know any spells.
Your spell library was empty.

Dungeon Overview and Level Annotations

Branches:
Dungeon (15/15)            Temple (0/1) D:5            Lair (5/5) D:10
 Shoals (0/4) Lair:2       Spider (1/4) Lair:2        Slime (0/5) Lair:5
    Orc (2/2) D:10            Elf (0/3) Orc:2        Vaults (0/5) D:14
 Depths (0/4) D:15          Sewer (visited)         Ossuary (visited)
  IceCv (visited)         Gauntlet (visited)

Altars:
Nemelex Xobeh
Ru
Trog
Uskayaw
Vehumet
Yredelemnul
Zin
Jiyva

Shops:
D:7 *[   D:8 (=:((   D:11 (!   Orc:2 !?[:

Portals:
Pandemonium: Orc:2

Annotations:
D:15 3 runed translucent doors, sirJeffrey23's ghost, journeyman FoFi
Lair:3 1 runed translucent door, Grognak's ghost, journeyman MiFi
Lair:5 exclusion: ice statue


Innate Abilities, Weirdness & Mutations

((You are very nimble when in or above water. (Stealth+, EV+, Speed+++)))
Your lower body shifts to a powerful aquatic tail in water.


Message History

The redback bites you but does no damage.
The culicivora bites you!!
* * * LOW HITPOINT WARNING * * *
The culicivora draws strength from your injuries!
Something hits you.
* * * LOW HITPOINT WARNING * * *
Something hits you but does no damage.
Something stings you but does no damage.
The redback bites you.
* * * LOW HITPOINT WARNING * * *
You are poisoned.
The redback poisons you! The culicivora barely misses you.
The moth of wrath bites you but does no damage.
Something hits you!
* * * LOW HITPOINT WARNING * * *
Something hits you but does no damage.
Something stings you but does no damage.
The tarantella rages.
The redback bites you.
* * * LOW HITPOINT WARNING * * *
Unknown command.
Blink to where?
Press: ? - help, Dir - move target
As you read the scroll of blinking, it crumbles to dust.
* * * LOW HITPOINT WARNING * * *
You feel extremely sick.
You hear a faint skittering sound.
Unknown command.
You are too injured to fight recklessly!
You feel better.
The tarantella rages.
The culicivora rages.
You feel you are being watched by something.
You feel your power leaking away.
Unknown command.
The redback bites you!
* * * LOW HITPOINT WARNING * * *
The culicivora misses you.
The culicivora's vision is obscured by starry radiance!
The redback bites you!!
You die...

.....######..........####........
#......# #...........# #........
##.....## #...........# ##.......
#......# #...........###........
###...## ##...........####......
##..# #...........##.#...... ####
##..........###.......
#............##.......
#P#..@......##...###PP
####.ss....###.#.#####
##..s..##........#
##........^.....###
#....y...^^..^....#
###P..^{.^^........
##.^^.^..^^.^....
#.^...^^†....#...
##.^..†>s^..^....


You could see a moth of wrath, a culicivora (berserk, blind), a tarantella
(berserk) and a redback (berserk).

Vanquished Creatures
  3 azure jellies (IceCv)
  An emperor scorpion (Lair:2)
  A ghost moth (Lair:2)
  Louise (D:14)
  A balrug (Gauntlet)
  The ghost of Rasomed the Severer, a journeyman MiMo of Trog (Orc:1)
  2 quicksilver oozes (IceCv)
  A broodmother (Lair:2)
  Nessos (Lair:5)
  A minotaur (Gauntlet)
  A fire dragon (Lair:5)
  An entropy weaver (Lair:2)
  A great orb of eyes (D:15)
  A rakshasa (D:15)
  3 centaur warriors
  3 boulder beetles
  2 demonspawn (Orc:2)
  A merfolk aquamancer (D:15)
  3 two-headed ogres
  A death yak (Lair:5)
  2 tengu warriors (D:13)
  A thrashing horror (Abyss:2)
  5 orc high priests (Orc:2)
  A swamp dragon (Lair:5)
  A steelbarb worm (Lair:2)
  A wizard (D:14)
  3 orange crystal statues (IceCv)
  An obsidian statue (D:10)
  6 orc knights
  5 wolf spiders
  4 deep elf pyromancers
  8 orc sorcerers (Orc:2)
  An oklob plant (Lair:4)
  9 ugly things
  3 manticores
  5 cyclopes
  A guardian serpent (Lair:5)
  A rust devil (Orc:2)
  9 black mambas
  9 elephants (Lair:5)
  2 water nymphs (D:15)
  A torpor snail (Lair:2)
  Maurice (D:13)
  Maggie (D:8)
  16 cane toads
  A smoke demon (Abyss:2)
  5 demonic crawlers
  3 kobold demonologists (D:12)
  A freezing wraith (Lair:5)
  An unseen horror (D:12)
  12 rime drakes
  3 efreet
  2 tengu conjurers
  A komodo dragon (shapeshifter) (D:13)
  7 trolls
  An ancient zyme (Abyss:2)
  6 komodo dragons
  A meliai (D:14)
  3 polar bears
  2 hornets (Lair:5)
  Prince Ribbit (D:6)
  17 blink frogs
  32 slime creatures
  A slime creature (shapeshifter) (D:15)
  9 tarantellas (Lair:2)
  A raiju (Abyss:2)
  A jumping spider (shapeshifter) (D:13)
  6 dream sheep (Lair:2)
  6 jumping spiders (Lair:2)
  A large abomination (Abyss:2)
  A culicivora (Lair:2)
  A vampire (D:10)
  A shadow (D:11)
  6 starcursed masses (Abyss:2)
  12 wyverns
  A water elemental (D:15)
  7 basilisks
  A wraith (D:12)
  Eustachio (D:6)
  A chaos spawn (Orc:2)
  23 yaks
  2 fire elementals (Gauntlet)
  A neqoxec (Orc:2)
  13 steam dragons
  3 vampire mosquitoes (D:14)
  16 redbacks
  6 acid dragons
  A warg (Orc:2)
  4 hell hounds (Gauntlet)
  19 water moccasins
  30 orc warriors
  11 ice beasts
  A sky beast (D:8)
  2 great orb of eyes simulacra (IceCv)
  5 ogres
  10 wolves
  6 centaurs
  2 slime creature simulacra (IceCv)
  4 phantoms
  2 kobold brigands (D:12)
  11 bullfrogs
  2 necrophages
  6 gnoll sergeants
  2 scorpions
  5 glowing shapeshifter simulacra (IceCv)
  4 wights (D:7)
  10 killer bees
  2 electric eels
  7 howler monkeys
  8 hounds
  12 jellies
  2 gnoll boudas (D:8)
  2 human zombies (Ossuary)
  27 orc priests
  Crazy Yiuf (D:2)
  3 iguanas (Lair:5)
  17 orc wizards
  9 hell rats
  5 mummies
  Robin (D:2)
  8 adders
  45 gnolls
  2 river rats (Sewer)
  A shadow imp (D:7)
  4 white imps
  4 worms
  2 dart slugs
  71 orcs
  8 ball pythons
  3 bats
  22 endoplasms
  4 giant cockroaches
  10 goblins
  15 hobgoblins
  6 jackals
  13 quokkas
  5 frilled lizards
  A gnoll zombie (Ossuary)
  2 hobgoblin zombies (Ossuary)
  10 kobolds
  2 kobold zombies (Ossuary)
  An orc zombie (Ossuary)
  8 rats
  A spectral orc (D:9)
  A butterfly (Lair:2)
829 creatures vanquished.

Vanquished Creatures (collateral kills)
  3 slime creatures (IceCv)
  A rockslime (IceCv)
  A quicksilver ooze (IceCv)
  A cane toad (Lair:4)
  A komodo dragon (Lair:4)
  4 yaks (Lair:4)
11 creatures vanquished.

Vanquished Creatures (others)
  A rime drake (Lair:3)
  A bush (Lair:5)
  50 fungi
  80 plants
132 creatures vanquished.

Grand Total: 972 creatures vanquished

Notes
Turn   | Place    | Note
-------+----------+-------------------------------------------
     0 | D:1      | jejorda2 the Merfolk Berserker began the quest for the Orb.
     0 | D:1      | Reached XP level 1. HP: 18/18 MP: 1/1
    89 | D:1      | Reached XP level 2. HP: 11/24 MP: 2/2
   255 | D:1      | Reached XP level 3. HP: 29/29 MP: 3/3
   358 | D:1      | Reached ** piety under Trog
   478 | D:1      | Reached skill level 5 in Polearms
   713 | D:2      | Reached XP level 4. HP: 37/37 MP: 4/4
  1167 | D:2      | Noticed Robin
  1196 | D:2      | Killed Robin
  1197 | D:2      | Reached XP level 5. HP: 42/42 MP: 5/5
  1210 | D:2      | Reached skill level 6 in Polearms
  1402 | D:2      | Found a runed translucent door.
  1403 | D:2      | Noticed Crazy Yiuf
  1414 | D:2      | Killed Crazy Yiuf
  1919 | D:3      | Found a glowing silver altar of Zin.
  2031 | D:3      | Found a radiant altar of Vehumet.
  2638 | D:4      | Reached XP level 6. HP: 49/49 MP: 6/6
  2660 | D:4      | Reached *** piety under Trog
  2687 | D:4      | Found a glowing drain.
  2710 | D:4      | Reached skill level 7 in Polearms
  2714 | Sewer    | Entered a sewer
  2838 | D:4      | Found a sand-covered staircase.
  2855 | Ossuary  | Entered an ossuary
  3129 | Ossuary  | Reached skill level 5 in Fighting
  3129 | Ossuary  | Reached XP level 7. HP: 41/56 MP: 7/7
  3378 | D:4      | Found a hide-covered altar of Uskayaw.
  3425 | D:4      | Reached skill level 8 in Polearms
  4034 | D:5      | Entered Level 5 of the Dungeon
  4067 | D:5      | Reached **** piety under Trog
  4112 | D:5      | Reached skill level 9 in Polearms
  4112 | D:5      | Reached XP level 8. HP: 64/64 MP: 8/8
  4479 | D:5      | Found a staircase to the Ecumenical Temple.
  4688 | D:6      | Reached skill level 10 in Polearms
  4767 | D:6      | Noticed Prince Ribbit
  4781 | D:6      | Killed Prince Ribbit
  4981 | D:6      | Reached skill level 11 in Polearms
  5189 | D:6      | Noticed Eustachio
  5194 | D:6      | Killed Eustachio
  5195 | D:6      | Reached XP level 9. HP: 69/69 MP: 9/9
  5384 | D:7      | Reached skill level 12 in Polearms
  5641 | D:7      | Found Ofioprudokh's Antique Armour Boutique.
  5646 | D:7      | Found Qaixtydo's General Store.
  5649 | D:7      | Reached skill level 5 in Armour
  6028 | D:7      | Reached skill level 13 in Polearms
  6664 | D:8      | Found Hitwiamu's Weapon Boutique.
  6668 | D:8      | Bought a +0 glaive for 65 gold pieces
  6740 | D:8      | Found a sacrificial altar of Ru.
  6762 | D:8      | Found Jeis's Weapon Boutique.
  6783 | D:8      | Reached skill level 1 in Throwing
  6792 | D:8      | Bought 3 datura-tipped darts for 16 gold pieces
  6792 | D:8      | Bought 3 javelins for 33 gold pieces
  6798 | D:8      | Found Mamofosk's Jewellery Shop.
  6898 | D:8      | Found Sizam's Weapon Boutique.
  6953 | D:8      | Found Vitodgh's Book Shop.
  7104 | D:8      | Reached ***** piety under Trog
  7550 | D:8      | Noticed Maggie
  7556 | D:8      | Reached XP level 10. HP: 76/76 MP: 10/10
  7580 | D:8      | Killed Maggie
  7581 | D:8      | Reached skill level 14 in Polearms
  7978 | D:8      | Bought a ring of poison resistance for 300 gold pieces
  8471 | D:9      | Reached skill level 15 in Polearms
  8725 | D:9      | Reached skill level 19 in Polearms
  8725 | D:9      | Reached XP level 11. HP: 81/81 MP: 11/11
  8770 | D:9      | Found a basalt altar of Yredelemnul.
  8817 | D:10     | Entered Level 10 of the Dungeon
  8839 | D:10     | Noticed a centaur warrior
  8839 | D:10     | Found the +3 robe of Clouds {*Thunder rCloud rElec}
  8912 | D:10     | Found a staircase to the Lair.
  8916 | D:10     | Noticed an obsidian statue
  8916 | D:10     | Found the +1 cloak of Starlight {*Dazzle EV+4 Stlth--}
  9224 | D:10     | Found a staircase to the Orcish Mines.
  9472 | D:10     | Killed a centaur warrior
  9601 | D:10     | Killed an obsidian statue
  9602 | D:10     | Reached skill level 5 in Throwing
  9671 | Lair:1   | Entered Level 1 of the Lair of Beasts
  9767 | Lair:1   | Reached XP level 12. HP: 91/91 MP: 12/12
  9833 | Lair:1   | Noticed a boulder beetle
  9846 | Lair:1   | Killed a boulder beetle
  9847 | Lair:1   | Reached skill level 20 in Polearms
 10157 | Lair:1   | Reached skill level 1 in Stealth
 10157 | Lair:1   | Reached skill level 1 in Evocations
 10669 | Lair:2   | Found a staircase to the Shoals.
 11047 | Lair:2   | Found a hole to the Spider Nest.
 11862 | Lair:3   | Found a runed translucent door.
 12325 | Lair:3   | Reached skill level 10 in Fighting
 12347 | Lair:3   | Reached XP level 13. HP: 36/104 MP: 13/13
 12831 | Lair:3   | Received a gift from Trog
 12832 | Lair:3   | Reached XP level 14. HP: 111/111 MP: 14/14
 13402 | Lair:3   | Noticed Grognak's ghost (journeyman MiFi)
 13588 | Lair:4   | Found a gate leading to a gauntlet.
 13618 | Gauntlet | Entered a Gauntlet
 13618 | Gauntlet | Found a transporter.
 13621 | Gauntlet | Noticed a balrug
 13639 | Gauntlet | Found a transporter.
 13652 | Gauntlet | Found a transporter.
 13656 | Gauntlet | Found a transporter.
 13666 | Gauntlet | Found a transporter.
 13686 | Gauntlet | Found a transporter.
 13698 | Gauntlet | Found the ring of the Octopus King
 13699 | Gauntlet | Found a transporter.
 13721 | Gauntlet | Found a transporter.
 13723 | Gauntlet | Found a transporter.
 13731 | Gauntlet | Found a transporter.
 13753 | Gauntlet | Found a transporter.
 13757 | Gauntlet | Found a transporter.
 13858 | Gauntlet | Killed a balrug
 13879 | Gauntlet | Identified the amulet "Qisivvat" {RegenMP Regen+ Slay+2}
 13950 | Gauntlet | Reached skill level 10 in Throwing
 14022 | Gauntlet | Identified the +5 mace "Rumig" {protect, rN+ Int+4 Stlth+}
 14102 | Gauntlet | Identified the +1 leather armour of Howling Wind {rN++
                  | Dex+3}
 14337 | Lair:4   | Found a sparkling altar of Nemelex Xobeh.
 14913 | Lair:5   | Entered Level 5 of the Lair of Beasts
 14980 | Lair:5   | Found a viscous altar of Jiyva.
 14980 | Lair:5   | Found a staircase to the Slime Pits.
 15315 | Lair:5   | Reached skill level 5 in Dodging
 15670 | Lair:5   | Received a gift from Trog
 15726 | Lair:5   | Reached XP level 15. HP: 89/120 MP: 15/15
 15734 | Lair:5   | Identified the +4 plate armour "Qobullaj" {rElec Regen+
                  | Dex+3 Slay+2 Stlth-}
 16237 | Lair:5   | Noticed Nessos
 16241 | Lair:5   | Killed Nessos
 16666 | D:8      | Bought the ring of Zuir {rC+ EV+4 Str+2 Slay+2} for 939
                  | gold pieces
 16749 | D:11     | Identified the +1 pair of gloves of Uweps {+Blink}
 16779 | D:11     | Reached skill level 21 in Polearms
 16879 | D:11     | Found Axkusuts's Weapon Shoppe.
 16931 | D:11     | Found Tabiuf's Distillery.
 17718 | D:12     | Identified the +0 leather armour of the Flute {rElec}
 18627 | D:13     | Noticed Maurice
 18638 | D:13     | Killed Maurice
 18642 | D:13     | Reached skill level 22 in Polearms
 18894 | D:13     | Received a gift from Trog
 19036 | D:14     | Noticed Louise
 19043 | Abyss:2  | Cast into level 2 of the Abyss (Louise)
 19178 | D:14     | Escaped the Abyss
 19184 | D:14     | Killed Louise
 19338 | D:14     | Found a bloodstained altar of Trog.
 19751 | D:14     | Found a gate to the Vaults.
 19931 | D:14     | Reached skill level 23 in Polearms
 19931 | D:14     | Reached XP level 16. HP: 133/133 MP: 16/16
 19970 | D:15     | Entered Level 15 of the Dungeon
 20023 | D:15     | Found a frozen archway.
 20035 | IceCv    | Entered an ice cave
 20183 | IceCv    | Noticed an azure jelly
 20276 | IceCv    | Identified the +12 demon trident "Wisoaqec" {antimagic,
                  | rElec Will++} (Trog gifted it to you in an ice cave)
 20276 | IceCv    | Received a gift from Trog
 20567 | IceCv    | Noticed an azure jelly
 20569 | IceCv    | Found a viscous altar of Jiyva.
 20569 | IceCv    | Noticed an azure jelly
 20575 | IceCv    | Killed an azure jelly
 20577 | IceCv    | Noticed an azure jelly
 20580 | IceCv    | Killed an azure jelly
 20583 | IceCv    | Noticed a rockslime
 20585 | IceCv    | Killed an azure jelly
 20597 | IceCv    | Killed a rockslime
 20652 | IceCv    | Identified the +5 ice dragon scales "Jyena" {rF- rC++
                  | Dex+4}
 20785 | D:15     | Reached skill level 24 in Polearms
 20830 | D:15     | Found a staircase to the Depths.
 21310 | D:15     | Identified the +1 plate armour "Dittusann" {Dex+2}
 21434 | D:15     | Found a runed translucent gate.
 21434 | D:15     | Found a runed translucent gate.
 21434 | D:15     | Found a runed translucent gate.
 21435 | D:15     | Noticed sirJeffrey23's ghost (journeyman FoFi)
 21440 | D:15     | Identified the +9 dagger "Beppung" {flame, rPois Dex+2}
 22053 | Orc:1    | Entered Level 1 of the Orcish Mines
 22327 | Orc:1    | Found a runed translucent door.
 22328 | Orc:1    | Noticed Rasomed's ghost (journeyman MiMo)
 22355 | Orc:1    | You fall into a shaft and drop 1 floor!
 22355 | Orc:2    | Entered Level 2 of the Orcish Mines
 22355 | Orc:2    | Found a staircase to the Elven Halls.
 22718 | Orc:1    | Killed Rasomed's ghost
 22767 | Orc:2    | Identified the +10 halberd of Lies {flame, rElec rPois
                  | Will+} (Trog gifted it to you on level 2 of the Orcish
                  | Mines)
 22767 | Orc:2    | Received a gift from Trog
 22899 | Orc:2    | Found Miymaug's Magic Scroll Emporium.
 23354 | Orc:2    | Found Kuen's Distillery.
 23646 | Orc:2    | Identified the +8 great mace "Merfolk's Death" {flame,
                  | rCorr} (Trog gifted it to you on level 2 of the Orcish
                  | Mines)
 23646 | Orc:2    | Received a gift from Trog
 23705 | Orc:2    | Found Joodghoen's Antique Armour Boutique.
 23705 | Orc:2    | Found Tokkoann's Book Shop.
 23706 | Orc:2    | Found a one-way gate leading to the halls of Pandemonium.
 23728 | Orc:2    | Bought a heavily runed chain mail for 256 gold pieces
 23728 | Orc:2    | Identified the +7 chain mail of Lethargy {rC+ rN+ Will-
                  | Regen+} (You bought it in a shop on level 2 of the Orcish
                  | Mines)
 23903 | Spider:1 | Entered Level 1 of the Spider Nest
 23920 | Lair:2   | Reached XP level 17. HP: 108/139 MP: 0/17
 24501 | Lair:2   | HP: 6/139 [poisoned by a redback]
 24503 | Lair:2   | Mangled by a redback

Illustrated notes

Levels and vault maps discovered:
D:1:      dpeg_arrival_three_same_balls, layout_rooms
D:2:      minmay_wonky_spiral, layout_loops_ring, minmay_tetromino_l4,
          uniq_robin, uniq_crazy_yiuf_cottage
D:3:      cheibrodos_old_hovel, layout_basic, vehumet_crystals, zin_academy
D:4:      layout_basic, amcnicky_altar_gilded, gup_ossuary_entry_pyramid,
          gup_sewer_entry_pipe, st_stairs_3, chequers_serial_rivers_micro_b,
          minmay_misc_feat_ornament
D:5:      layout_layer_cave, minmay_temple_entry_mist,
          chequers_serial_rivers_micro_c
D:6:      layout_basic, uniq_eustachio, uniq_prince_ribbit1
D:7:      layout_basic, nicolae_wooded_promenade, hangedman_decor_slide_cut
D:8:      layout_cave_pools, nicolae_ru_sacrificial_ziggurat, serial_gnoll_camp,
          gnoll_camp_mini_doghouse, gnoll_camp_medium_02,
          gnoll_camp_mini_sergeant, gnoll_camp_medium_01, serial_shops,
          nicolae_shop_bloodbath_and_beyond, nicolae_shop_stone, shop_fountains,
          shop_statue, nicolae_shop_stone, chequers_serial_rivers_small_3,
          uniq_maggie
D:9:      layout_roguey, yredelemnul_forgotten_temple_becter
D:10:     layout_rooms, lair_entry_dummy, orc_0_dummy, minmay_protected_statue
D:11:     layout_rooms, serial_shops, nicolae_shop_waterfront,
          nicolae_lakefront_shop
D:12:     layout_irregular_city, minmay_puff
D:13:     layout_long_grid, serial_bayou_pond_c, grunt_decor_clamped,
          minmay_statues_item, uniq_maurice
D:14:     layout_loops_ring, david_vaults_1, trog_three_pillars_becter,
          eino_jars, uniq_louise
D:15:     gammafunk_enter_depths_forms, layout_layer_cave,
          portal_ice_cave_entry_pillars_1, biasface_ghost_orc_armoury,
          nicolae_splish_splash
Lair:1:   layout_long_grid, eino_small_chamber_without_monster
Lair:2:   layout_cave_pods, shoals_dummy_entry, spider_nest_entry_web_field,
          serial_bayou_shore_a, lemuel_fruit_fields
Lair:3:   layout_cave_pods, ebering_ghost_reflecting_pool,
          bobbens_dragon_lair_wall, grunt_megastairs_5
Lair:4:   lemuel_slime, layout_cave_pods, basic_altar, gauntlet_entry_generic
Lair:5:   hangedman_lair_tendril_chambers, layout_loops_ring,
          guppyfry_lair_end_dragon, slime_entry_1, st_stairs_4, ice2_lemuel,
          uniq_nessos
Spider:1: layout_spider_delve
Orc:1:    layout_diamond_mine, ebering_ghost_reflecting_pool,
          lightli_orcish_oven
Orc:2:    pf_orc_diabolical, layout_caves, kennysheep_orc_chapel

Skill      XL: |  1  2  3  4  5  6  7  8  9 10 11 12 13 14 15 16 |
---------------+-------------------------------------------------+-----
Polearms       | 5 6 7 9 11 13 19 20 23 24 | 24.0
Armour         | 2 3 4 5 6 9 |  9.9
Fighting       | 4 5 6 7 10 12 14 | 14.0
Throwing       | 2 4 5 7 9 12 13 | 13.8
Stealth        | 3 |  3.0
Evocations     | 4 6 |  6.8
Dodging        | 5 6 |  6.0

Action                   |  1- 3 |  4- 6 |  7- 9 | 10-12 | 13-15 | 16-18 || total
-------------------------+-------+-------+-------+-------+-------+-------++-------
Melee: Spear             |   123 |   344 |    44 |       |       |       ||   511
       Punch             |       |     4 |       |       |       |       ||     4
       Tailslap          |       |     3 |       |       |     5 |     1 ||     9
       Halberd           |       |       |   212 |       |       |       ||   212
       Trident           |       |       |    27 |       |       |       ||    27
       Glaive            |       |       |    99 |   506 |   410 |       ||  1015
       Bardiche          |       |       |       |       |   371 |   552 ||   923
Throw: Stone             |     1 |     1 |       |       |       |       ||     2
       Javelin           |       |       |     6 |     3 |     4 |       ||    13
       Boomerang         |       |       |       |     3 |    17 |    44 ||    64
       Dart              |       |       |       |     1 |       |       ||     1
Invok: Berserk           |     2 |     4 |     6 |     7 |     6 |    11 ||    36
       Trog's Hand       |       |       |     2 |     4 |     6 |     4 ||    16
       Brothers in Arms  |       |       |       |       |     1 |     4 ||     5
Evoke: Wand              |       |       |     4 |       |       |     1 ||     5
       Condenser vane    |       |       |       |       |     1 |     1 ||     2
  Use: Scroll            |       |     9 |    12 |     9 |     8 |     3 ||    41
       Potion            |       |       |       |     3 |     2 |     7 ||    12
 Stab: Invisible         |       |       |       |    16 |    16 |    18 ||    50
       Distracted        |       |       |       |       |     2 |     1 ||     3
Armor: Animal skin       |    13 |       |       |       |       |       ||    13
       Plate armour      |    11 |    74 |   168 |   181 |   227 |   370 ||  1031
Dodge: Dodged            |    46 |    83 |   160 |   242 |   395 |   678 ||  1604

Table legend: (Time is in decaauts)
 A = Elapsed time spent in this place.
 B = Non-inter-level travel time spent in this place.
 C = Inter-level travel time spent in this place.
 D = Time resting spent in this place.
 E = Time spent auto-exploring this place.
 F = Levels seen in this place.
 G = Mean time per level.
                   A        B        C        D        E       F      G
               +--------+--------+--------+--------+--------+-----+--------+
         Total |  24163 |  22076 |   2087 |   2655 |  14326 |  28 |  863.0 |
       Dungeon |  13637 |  12374 |   1263 |   1119 |   8707 |  15 |  909.1 |
          Lair |   6999 |   6298 |    701 |    821 |   4155 |   5 | 1399.8 |
   Spider Nest |     37 |     37 |      0 |      0 |      0 |   1 |   37.0 |
  Orcish Mines |   1669 |   1547 |    122 |    200 |    929 |   2 |  834.5 |
         Abyss |    128 |    128 |      0 |      0 |      0 |   1 |  128.0 |
         Sewer |     64 |     64 |      0 |      0 |      0 |   1 |   64.0 |
       Ossuary |    338 |    338 |      0 |     73 |    134 |   1 |  338.0 |
      Ice Cave |    697 |    697 |      0 |    278 |    127 |   1 |  697.0 |
      Gauntlet |    590 |    590 |      0 |    163 |    273 |   1 |  590.0 |
               +--------+--------+--------+--------+--------+-----+--------+

Top non-repeatable levels by time:
  Lair:2: 2121 daAuts
  Lair:3: 1624 daAuts
  Lair:5: 1393 daAuts
     D:8: 1316 daAuts
    D:15: 1270 daAuts
     D:7: 1269 daAuts
     D:9: 1143 daAuts
     D:2: 1140 daAuts
     D:4: 1085 daAuts
   Orc:2: 1013 daAuts
  Lair:4: 987 daAuts
  Lair:1: 871 daAuts
    D:12: 856 daAuts
     D:3: 846 daAuts
    D:14: 828 daAuts
